[Event "Titled Tuesday Blitz August 3 2021"]
[White "Grachev, Boris"]
[Black "Arabidze, Meri"]
[WhiteFideId "4129199"]
[BlackFideId "13604040"]
[WhiteElo "2595"]
[BlackElo "2432"]
[Result "1-0"]
[Round "05"]
[TimeControl "180+1"]
[Date "2021.08.03"]
[WhiteClock "0:01:01"]
[BlackClock "0:00:25"]

1. d4 f5 2. Bf4 Nf6 3. e3 e6 4. Nf3 b6 5. h3 Bb7 6. Be2 Bd6 7. Ne5 O-O 8. O-O Nc6 9. c4 Bxe5 10. dxe5 Ne4 11. Nd2 Nxd2 12. Qxd2 Qe7 13. Rad1 Rad8 14. Bg3 Qf7 15. Qc3 a5 16. Rd2 g5 17. Rfd1 Nb4 18. a3 Na6 19. b4 axb4 20. axb4 Qg7 21. Bf1 f4 22. exf4 gxf4 23. Bh4 Bxg2 24. Bf6 Qg6 25. Bxg2 Nxb4 26. Rxd7 Rxd7 27. Rxd7 Na2 28. Qf3 Rf7 29. Rd8+ Rf8 30. Rxf8+ Kxf8 31. Kh2 Qf5 32. Qa8+ Kf7 33. Be4 Qh5 34. Qd8 1-0


[Site "https://www.chess.com"]

[Event "Titled Tuesday Blitz August 3 2021"]
[White "Gunina, Valentina"]
[Black "Al-Tarboush, Ward"]
[WhiteFideId "4167570"]
[BlackFideId "7601450"]
[WhiteElo "2399"]
[BlackElo "2319"]
[Result "1-0"]
[Round "05"]
[TimeControl "180+1"]
[Date "2021.08.03"]
[WhiteClock "0:00:14"]
[BlackClock "0:00:03"]

1. d4 b6 2. c4 Bb7 3. Nc3 Nf6 4. d5 e6 5. e4 Bb4 6. Bd3 d6 7. Ne2 Nbd7 8. O-O Ne5 9. Bb1 a5 10. Nb5 O-O 11. Qc2 Re8 12. f4 Bc5+ 13. Kh1 Neg4 14. e5 dxe5 15. fxe5 Nxe5 16. Bg5 Ng6 17. h4 exd5 18. h5 Nf8 19. Bxf6 gxf6 20. Qf5 Re5 21. Qf3 dxc4 22. Qh3 Qd2 23. Nbc3 Rae8 24. Ng3 Re1 25. Be4 Rxa1 26. Rxa1 Qxb2 27. Rf1 Qxc3 28. Bxb7 Qd3 29. Qg4+ Kh8 30. Be4 Qe3 31. Bd5 Ng6 32. hxg6 hxg6 33. Qh4+ Kg7 34. Qxf6+ Kh6 35. Qh4+ Kg7 36. Rxf7+ 1-0


[Site "https://www.chess.com"]

[Event "Titled Tuesday Blitz August 3 2021"]
[White "Gupta, Abhijeet"]
[Black "Wei, Yi"]
[WhiteFideId "5010608"]
[BlackFideId "8603405"]
[WhiteElo "2549"]
[BlackElo "2686"]
[Result "1/2-1/2"]
[Round "05"]
[TimeControl "180+1"]
[Date "2021.08.03"]
[WhiteClock "0:00:08"]
[BlackClock "0:00:02"]

1. d4 Nf6 2. c4 e6 3. Nf3 d5 4. g3 Be7 5. Bg2 O-O 6. O-O dxc4 7. Qc2 a6 8. a4 Bd7 9. Qxc4 Bc6 10. Bf4 Bd6 11. Qc1 a5 12. Nc3 Na6 13. Bg5 h6 14. Bxf6 Qxf6 15. e4 e5 16. d5 Bd7 17. Nd2 Nb4 18. Nc4 Bc5 19. Qd2 Rfd8 20. Kh1 c6 21. f4 cxd5 22. exd5 exf4 23. Rxf4 Qa6 24. b3 Rf8 25. Raf1 Rae8 26. Re4 f5 27. Ree1 Kh7 28. Ne5 Qd6 29. Nc4 Qa6 30. Rxe8 Rxe8 31. h3 Qg6 32. Kh2 Bd6 33. Rf3 Bb8 34. Re3 f4 35. Rxe8 Qxg3+ 36. Kh1 Bxe8 37. Ne2 Qf2 38. Nd4 Qxd2 39. Nxd2 Be5 40. N4f3 Bc3 41. Ne4 Nxd5 42. Nd6 Bc6 43. Nh4 Ne3 44. Bxc6 bxc6 45. Nf3 g5 46. Ne4 Bb4 47. Ne5 c5 48. Nf6+ Kg7 49. Nfd7 h5 50. Nd3 f3 51. Kg1 Nd1 52. Kf1 g4 53. hxg4 hxg4 54. N7e5 Ne3+ 55. Kf2 Bd2 56. Nxc5 Kf6 57. Nxg4+ Nxg4+ 58. Kxf3 Kf5 59. Nd3 Ne5+ 60. Ke2 Nxd3 61. Kxd2 Nb4 62. Kc3 Ke5 63. Kc4 Kd6 64. Kb5 Nc6 65. Kb6 Kd5 66. Kb5 Kd6 67. Kb6 Kd7 68. Kb5 Kc7 69. Ka6 Kd6 70. Kb6 1/2-1/2


[Site "https://www.chess.com"]

[Event "Titled Tuesday Blitz August 3 2021"]
[White "Hansen, Eric"]
[Black "Liyanage, Ranindu Dilshan"]
[WhiteFideId "2606771"]
[BlackFideId "9915834"]
[WhiteElo "2568"]
[BlackElo "1839"]
[Result "1-0"]
[Round "05"]
[TimeControl "180+1"]
[Date "2021.08.03"]
[WhiteClock "0:01:22"]
[BlackClock "0:00:23"]

1. Nf3 d5 2. g3 g6 3. Bg2 Bg7 4. O-O e5 5. d3 Ne7 6. e4 d4 7. c3 c5 8. Nbd2 Nbc6 9. Nc4 O-O 10. Qb3 Rb8 11. a4 Be6 12. Qc2 h6 13. Bd2 f5 14. exf5 Bxf5 15. Rfe1 dxc3 16. Bxc3 Nd4 17. Nxd4 exd4 18. Bd2 Kh7 19. Bf4 Nd5 20. Bxb8 Nb4 21. Qd2 Qxb8 22. Be4 Qc7 23. f4 b6 24. Bxf5 Rxf5 25. Re4 Nd5 26. Rae1 g5 27. fxg5 hxg5 28. Qe2 Qf7 29. Nd6 1-0


[Site "https://www.chess.com"]

[Event "Titled Tuesday Blitz August 3 2021"]
[White "Hansen, Sune Berg"]
[Black "Xiong, Jeffery"]
[WhiteFideId "1400266"]
[BlackFideId "2047640"]
[WhiteElo "2655"]
[BlackElo "2724"]
[Result "0-1"]
[Round "05"]
[TimeControl "180+1"]
[Date "2021.08.03"]
[WhiteClock "0:00:02"]
[BlackClock "0:00:08"]

1. e4 c6 2. d4 d5 3. e5 Bf5 4. Nf3 e6 5. Be2 h6 6. O-O Ne7 7. Nbd2 Bh7 8. Nb3 Nd7 9. Ne1 Ng6 10. f4 Be7 11. Be3 O-O 12. a4 f6 13. Bg4 fxe5 14. Bxe6+ Kh8 15. dxe5 Nb6 16. Nd3 Nc4 17. Qe2 Nh4 18. Bh3 Nxe3 19. Qxe3 Qb6 20. Rae1 Bxd3 21. Qxb6 axb6 22. cxd3 Rxa4 23. g3 Rb4 24. Nc1 Nf5 25. b3 Nd4 26. f5 Bc5 27. Kh1 Nxb3 28. d4 Nxc1 29. dxc5 Nd3 30. Re3 Nxc5 31. f6 Re4 32. Ref3 gxf6 33. exf6 d4 34. Rf5 d3 35. Rh5 d2 36. Rxh6+ Kg8 37. Rg6+ Kh7 38. Bf5 Re1 39. Rg5+ Kh6 40. Rg6+ Kh5 41. g4+ Kh4 42. Kg2 Rxf1 0-1


[Site "https://www.chess.com"]

[Event "Titled Tuesday Blitz August 3 2021"]
[White "Harshavardhan G B"]
[Black "Nasyrova, Ekaterina"]
[WhiteFideId "25059009"]
[BlackFideId "44157797"]
[WhiteElo "1825"]
[BlackElo "2115"]
[Result "1-0"]
[Round "05"]
[TimeControl "180+1"]
[Date "2021.08.03"]
[WhiteClock "0:01:00"]
[BlackClock "0:00:02"]

1. e4 e5 2. Nc3 Nf6 3. Bc4 Nc6 4. d3 h6 5. Nge2 Bc5 6. O-O O-O 7. h3 d6 8. a3 Ne7 9. Kh2 c6 10. f4 Ng6 11. fxe5 Nxe5 12. Ba2 d5 13. d4 Nfg4+ 14. Kg1 Bb6 15. hxg4 Nxg4 16. exd5 Qh4 17. Bf4 c5 18. Bg3 Qh5 19. Na4 Ne3 20. Qd3 Nxf1 21. Rxf1 cxd4 22. Nxb6 axb6 23. Nxd4 Bg4 24. d6 Kh8 25. Qe4 f5 26. Qxb7 Rab8 27. Qd5 Qe8 28. Be5 Qd7 29. Ne6 Rfe8 30. Bxg7+ Kh7 31. Bd4 Rbc8 32. c3 Rc6 33. Nf4 Rxd6 34. Qc4 Rc8 35. Qd3 Rd8 36. Qe3 Re8 37. Qg3 Re4 38. Bb1 Rexd4 39. cxd4 Rxd4 40. Qxg4 1-0


[Site "https://www.chess.com"]

[Event "Titled Tuesday Blitz August 3 2021"]
[White "Hoffmann, Asa"]
[Black "Daggupati, Balaji"]
[WhiteFideId "2001470"]
[BlackFideId "2090759"]
[WhiteElo "2117"]
[BlackElo "2685"]
[Result "1-0"]
[Round "05"]
[TimeControl "180+1"]
[Date "2021.08.03"]
[WhiteClock "0:01:00"]
[BlackClock "0:00:19"]

1. d4 d5 2. Bg5 c6 3. e3 Qb6 4. b3 Bf5 5. Bd3 e6 6. Bxf5 exf5 7. Ne2 Be7 8. Bf4 Nf6 9. Nd2 Nbd7 10. h3 Ne4 11. O-O O-O-O 12. f3 Nxd2 13. Qxd2 g5 14. Bh2 h5 15. Qd3 f4 16. exf4 gxf4 17. Nxf4 Rdg8 18. Rfe1 Bh4 19. Re2 Qd8 20. Qf5 Rg7 21. Nd3 Bf6 22. Qf4 Rhg8 23. Nc5 Qb6 24. b4 Rd8 25. c3 Bg5 26. Nxd7 Qb5 27. Qc7# 1-0


[Site "https://www.chess.com"]

[Event "Titled Tuesday Blitz August 3 2021"]
[White "Indjic, Aleksandar"]
[Black "Papasimakopoulos, Alexandros"]
[WhiteFideId "911925"]
[BlackFideId "4244125"]
[WhiteElo "2643"]
[BlackElo "2352"]
[Result "1-0"]
[Round "05"]
[TimeControl "180+1"]
[Date "2021.08.03"]
[WhiteClock "0:00:14"]
[BlackClock "0:00:09"]

1. d4 f5 2. Bg5 c6 3. Nd2 d5 4. e3 Qb6 5. b3 Nd7 6. Ngf3 Ngf6 7. c4 e6 8. Bd3 Ne4 9. Bf4 Be7 10. h4 O-O 11. O-O Qd8 12. g3 h6 13. h5 Qe8 14. Ne5 Nxe5 15. Bxe5 Nxd2 16. Qxd2 Qxh5 17. Kg2 Qf7 18. f4 Bf6 19. c5 Bxe5 20. dxe5 Bd7 21. b4 b6 22. Qc3 Qe7 23. Rab1 Rfb8 24. a3 bxc5 25. bxc5 Qd8 26. Kf2 Rxb1 27. Rxb1 Rb8 28. Rb4 Rxb4 29. axb4 Qb8 30. Qa3 Kf7 31. Ke2 Ke7 32. Kd2 Bc8 33. Kc3 Qb7 34. Qa5 Kd7 35. b5 cxb5 36. Bxb5+ Ke7 37. Qb4 Qc7 38. Ba4 Kf7 39. Qb5 Kg6 40. Kb4 Kh7 41. c6 a6 42. Qc5 h5 43. Kc3 Kg6 44. Kd2 Kh7 45. Ke2 Qb8 46. Kd3 a5 47. c7 Qb1+ 48. Kd2 Qb2+ 49. Bc2 Qb4+ 50. Qxb4 axb4 51. Kd3 Kg6 52. Kd4 Kf7 53. Kc5 Ke7 54. Kc6 g5 55. fxg5 d4 56. exd4 f4 57. gxf4 h4 58. d5 exd5 59. f5 Bxf5 60. Bxf5 b3 61. c8=Q 1-0


[Site "https://www.chess.com"]

[Event "Titled Tuesday Blitz August 3 2021"]
[White "Isajevsky, Anton"]
[Black "Krivonosov, Oleg"]
[WhiteFideId "4142500"]
[BlackFideId "11600349"]
[WhiteElo "2510"]
[BlackElo "2469"]
[Result "1/2-1/2"]
[Round "05"]
[TimeControl "180+1"]
[Date "2021.08.03"]
[WhiteClock "0:00:03"]
[BlackClock "0:00:20"]

1. c4 e6 2. Nf3 d5 3. e3 Nf6 4. Nc3 c5 5. cxd5 exd5 6. d4 Nc6 7. Bb5 cxd4 8. Nxd4 Bd7 9. O-O Bd6 10. Nf3 a6 11. Bxc6 Bxc6 12. b3 O-O 13. Bb2 Qe7 14. Ne2 Rac8 15. Ned4 Bd7 16. Rc1 Ne4 17. Qd3 Rfd8 18. Rxc8 Rxc8 19. Rc1 Rxc1+ 20. Bxc1 h6 21. Qc2 Qd8 22. Bb2 Qc7 23. Qxc7 Bxc7 24. Kf1 g6 25. h3 h5 26. Ke2 f6 27. Nd2 Kf7 28. Nb1 h4 29. f3 Ng3+ 30. Kd3 Nf5 31. Nc3 Ne7 32. Ba3 Bc6 33. Nxc6 bxc6 34. Bc5 Be5 35. Ne2 Nf5 36. e4 dxe4+ 37. Kxe4 Ke6 38. Bf2 Nd6+ 39. Kd3 Nf5 40. Nd4+ Nxd4 41. Bxd4 Kd5 42. Bf2 g5 43. Be3 Bd6 44. Bd4 Be5 45. Be3 Bc7 46. Bd4 f5 47. Bf6 Bf4 48. Bd8 Kc5 49. Be7+ Kd5 50. a4 c5 51. Bd8 Bc1 52. Be7 Bf4 53. Bd8 Bc1 54. Be7 Bf4 1/2-1/2


[Site "https://www.chess.com"]

[Event "Titled Tuesday Blitz August 3 2021"]
[White "Iskusnyh, Sergei"]
[Black "Rasulov, Vugar"]
[WhiteFideId "4120027"]
[BlackFideId "13402390"]
[WhiteElo "2492"]
[BlackElo "2553"]
[Result "1/2-1/2"]
[Round "05"]
[TimeControl "180+1"]
[Date "2021.08.03"]
[WhiteClock "0:00:29"]
[BlackClock "0:00:20"]

1. d4 Nf6 2. c4 e6 3. g3 c5 4. Nf3 d5 5. cxd5 exd5 6. Bg2 Be7 7. O-O O-O 8. Nc3 Nc6 9. dxc5 d4 10. Na4 Bf5 11. Bg5 Re8 12. Rc1 h6 13. Bxf6 Bxf6 14. Qd2 Qe7 15. Rfe1 Rad8 16. b4 a6 17. Nb6 Be6 18. a3 Qc7 19. Nc4 Bd5 20. Nd6 Re6 21. Rcd1 Bb3 22. Rb1 Ba4 23. Qf4 Qe7 24. Nf5 Qd7 25. h4 Bb5 26. Qd2 Bxe2 27. Rxe2 Rxe2 28. Nxh6+ gxh6 29. Qxe2 d3 30. Qd2 Kg7 31. Re1 Qf5 32. Re3 a5 33. Ne1 axb4 34. axb4 Nxb4 35. Be4 Qxc5 36. Nxd3 Nxd3 37. Rxd3 Rxd3 38. Qxd3 b5 39. Bd5 b4 40. Kg2 Qd6 41. Qf3 Qe5 42. Bb3 Qc3 43. Qd5 Qc7 44. Kf1 Qc1+ 45. Kg2 Qc7 46. Qf3 Qc3 47. Qg4+ Kf8 48. Qc4 Qxc4 49. Bxc4 Ke7 50. Kf3 Bd4 51. Ke2 f6 52. f4 f5 53. Bb3 Kf6 54. Kf3 Bc3 55. Bc2 Be1 56. h5 Bc3 57. Bb3 Ke7 58. Bc2 Ke6 59. Bb3+ Kf6 60. Bc2 Be1 61. Bb3 Bd2 62. Bc2 Bc1 63. Bb3 Bb2 64. Bc2 Bc3 65. Bb3 Bd4 66. Bc2 Bb6 67. Bb3 Bc7 68. Bc2 Bd6 69. Bb3 Bc5 70. Bc2 Bd4 71. Bb3 Bc3 72. Bc2 Be1 73. Bb3 Bd2 74. Bc2 Bc1 75. Bb3 Bb2 76. Bc2 Bd4 77. Bb3 Bc5 78. Bc2 Bd6 79. Bb3 Bc7 80. Bc2 Bb6 81. Bb3 Bd4 82. Bc2 Bb2 83. Bb3 Bc3 1/2-1/2


[Site "https://www.chess.com"]

[Event "Titled Tuesday Blitz August 3 2021"]
[White "Ismagilov, Damir"]
[Black "Timmermans, Mark"]
[WhiteFideId "34199982"]
[BlackFideId "1026399"]
[WhiteElo "2075"]
[BlackElo "2460"]
[Result "0-1"]
[Round "05"]
[TimeControl "180+1"]
[Date "2021.08.03"]
[WhiteClock "0:00:09"]
[BlackClock "0:00:18"]

1. d4 Nf6 2. c4 e6 3. Nf3 d5 4. Nc3 dxc4 5. e4 b5 6. e5 Nd5 7. Nxb5 Nb6 8. Be3 Nc6 9. Be2 Bb4+ 10. Nc3 Ba6 11. Qc2 Be7 12. a3 Qd7 13. h4 h6 14. Rh3 Na5 15. Rd1 Bb7 16. h5 Nd5 17. Bd2 Nb6 18. Rg3 Bf8 19. Ne4 Qa4 20. Qb1 Nb3 21. Bc3 Nd5 22. Kf1 Nf4 23. Bb4 Nxe2 24. Kxe2 Bxb4 25. axb4 Kf8 26. Nc5 Qxb4 27. Nd7+ Ke7 28. Rxg7 Kxd7 29. Rxf7+ Kc8 30. Qg6 Qb6 31. Qg7 Rd8 32. Kf1 Bxf3 33. gxf3 Rxd4 34. Rxd4 Nxd4 35. f4 Kb7 36. Qg2+ Qc6 37. Qh3 Rg8 38. Rf6 Qd5 39. Rxh6 Qe4 40. Rg6 Rxg6 41. hxg6 Qxg6 42. Qc3 Qd3+ 43. Qxd3 cxd3 44. Ke1 Kc6 45. Kd2 Kd5 46. Kxd3 c5 47. b3 Nxb3 48. Kc3 Nd4 49. Kd3 Nf5 50. Kc3 c4 51. f3 Kc5 52. Kc2 Kd4 53. Kd2 c3+ 54. Kc2 Kc4 0-1


[Site "https://www.chess.com"]

[Event "Titled Tuesday Blitz August 3 2021"]
[White "Jacobson, Brandon"]
[Black "Samadov, Read"]
[WhiteFideId "30901561"]
[BlackFideId "13417444"]
[WhiteElo "2362"]
[BlackElo "2084"]
[Result "1-0"]
[Round "05"]
[TimeControl "180+1"]
[Date "2021.08.03"]
[WhiteClock "0:00:07"]
[BlackClock "0:00:23"]

1. d4 Nf6 2. c4 e6 3. Nf3 d5 4. g3 Bb4+ 5. Nbd2 O-O 6. Bg2 b6 7. O-O Bb7 8. Ne5 Nbd7 9. Qa4 Be7 10. Nb1 Nxe5 11. dxe5 Nd7 12. cxd5 Bxd5 13. Bxd5 exd5 14. f4 Nc5 15. Qc6 Qd7 16. Qxd7 Nxd7 17. Rd1 c6 18. Be3 Bc5 19. Bxc5 Nxc5 20. Nd2 f6 21. exf6 Rxf6 22. Nf3 Re8 23. Ne5 Rd6 24. Rac1 Nd7 25. Nxc6 Rxe2 26. Nd4 Rxb2 27. Nf5 Rf6 28. Rxd5 Nc5 29. Re1 Re6 30. Rxe6 Nxe6 31. a4 Ra2 32. Rd6 Kf7 33. Rd7+ Kf6 34. Nd6 Rxa4 35. Rf7+ Kg6 36. f5+ 1-0


[Site "https://www.chess.com"]

[Event "Titled Tuesday Blitz August 3 2021"]
[White "Jian, Alex"]
[Black "Tarigan, Gilbert Elroy"]
[WhiteFideId "30901022"]
[BlackFideId "7108133"]
[WhiteElo "2111"]
[BlackElo "1908"]
[Result "1-0"]
[Round "05"]
[TimeControl "180+1"]
[Date "2021.08.03"]
[WhiteClock "0:00:03"]
[BlackClock "0:00:03"]

1. Nf3 Nc6 2. b3 e5 3. Bb2 e4 4. Nd4 Nf6 5. e3 Bc5 6. Nxc6 bxc6 7. Be2 d5 8. O-O h5 9. h3 Bf5 10. d3 Qd7 11. dxe4 Nxe4 12. Nd2 O-O-O 13. Nxe4 Bxe4 14. c4 Rh6 15. Bf3 Qf5 16. Bxe4 dxe4 17. Qe2 Rg6 18. Kh1 Qg5 19. Rg1 Rgd6 20. Rad1 Rd3 21. Rge1 Bb4 22. Rg1 Rd2 23. Rxd2 Rxd2 24. Qe1 a5 25. a3 Rxb2 26. axb4 Rxb3 27. bxa5 Qc5 28. Qa1 f6 29. a6 Ra3 30. Qb1 Rxa6 31. Qxe4 Ra4 32. Qe8+ Kb7 33. Rb1+ Rb4 34. Ra1 Qxc4 35. Qa8+ Kb6 36. Qa7+ 1-0


[Site "https://www.chess.com"]

[Event "Titled Tuesday Blitz August 3 2021"]
[White "Karacsonyi, Gellert"]
[Black "Tokhirjonova, Gulrukhbegim"]
[WhiteFideId "764620"]
[BlackFideId "14203626"]
[WhiteElo "2192"]
[BlackElo "2236"]
[Result "0-1"]
[Round "05"]
[TimeControl "180+1"]
[Date "2021.08.03"]
[WhiteClock "0:00:39"]
[BlackClock "0:00:17"]

1. e4 e5 2. Nf3 Nc6 3. Bb5 a6 4. Bxc6 dxc6 5. O-O f6 6. d4 exd4 7. Nxd4 c5 8. Nb3 Qxd1 9. Rxd1 Bd7 10. Bf4 O-O-O 11. Nc3 c4 12. Na5 b5 13. Nd5 Bd6 14. Bxd6 cxd6 15. b3 Re8 16. f3 f5 17. bxc4 fxe4 18. Nb6+ Kc7 19. Nxd7 Kxd7 20. c5 Re6 21. Nb7 Nf6 22. Nxd6 Kc6 23. fxe4 Kxc5 24. e5 Ng4 25. Ne4+ Kc6 26. Ng5 Re7 27. Rd6+ Kb7 28. e6 Rc8 29. Rd7+ Rc7 30. Rad1 Nf6 31. Nf7 Nxd7 32. Nd6+ Kc6 33. Nf5 Nc5 34. Rd6+ Kb7 35. Nd4 Ne4 36. Rd5 Nf6 37. Re5 Rc4 38. Nf5 Rcc7 39. Nd6+ Kc6 40. Nf5 Ng4 41. Re4 Nh6 42. Nxe7+ Rxe7 43. Re3 Nf5 44. Ra3 Kb6 45. Rf3 g6 46. g4 Nd6 47. Re3 Kc6 48. Kg2 Kd5 49. Ra3 Rxe6 50. Rxa6 Re2+ 51. Kf3 Rxc2 52. Ra7 Rxh2 53. Kg3 Rh1 54. Kg2 Rh4 55. Kg3 g5 56. Rg7 h6 57. Rg6 Ke5 58. Rg7 Ne4+ 59. Kf3 Rh3+ 60. Ke2 Kf4 61. Rb7 Kxg4 62. Rxb5 Nc3+ 0-1


[Site "https://www.chess.com"]

[Event "Titled Tuesday Blitz August 3 2021"]
[White "Khodzhamkuliev, Bahadur"]
[Black "Kretov, Evgenij"]
[WhiteFideId "24135046"]
[BlackFideId "4167821"]
[WhiteElo "2130"]
[BlackElo "2400"]
[Result "0-1"]
[Round "05"]
[TimeControl "180+1"]
[Date "2021.08.03"]
[WhiteClock "0:00:20"]
[BlackClock "0:00:40"]

1. Nf3 c5 2. c3 d5 3. d4 cxd4 4. cxd4 Bf5 5. Nc3 e6 6. Bf4 Bd6 7. Bg3 Nf6 8. e3 O-O 9. Bd3 Bxd3 10. Qxd3 Nc6 11. O-O a6 12. Rfc1 Rc8 13. Nd2 Na5 14. Na4 Bxg3 15. hxg3 Nd7 16. b4 Nc4 17. Nc5 Nxc5 18. bxc5 Nxd2 19. Qxd2 Qd7 20. Rab1 Rc7 21. Qb2 Re8 22. Qb6 Re7 23. c6 bxc6 24. Qxa6 h6 25. Rc5 Ra7 26. Qxc6 Rxa2 27. Qxd7 Rxd7 28. g4 Kh7 29. Rb3 Kg6 30. f4 Rda7 31. Kh2 Re2 32. f5+ Kf6 33. Rb6 Raa2 34. Rxd5 Rxg2+ 35. Kh3 Rge2 36. fxe6 Rxe3+ 0-1


[Site "https://www.chess.com"]

[Event "Titled Tuesday Blitz August 3 2021"]
[White "Kim, Sergey"]
[Black "Buscar, Michael"]
[WhiteFideId "13700570"]
[BlackFideId "2603616"]
[WhiteElo "2573"]
[BlackElo "2010"]
[Result "1-0"]
[Round "05"]
[TimeControl "180+1"]
[Date "2021.08.03"]
[WhiteClock "0:00:04"]
[BlackClock "0:00:01"]

1. d4 Nf6 2. c4 e6 3. Nc3 d5 4. Nf3 c5 5. e3 Nc6 6. a3 a6 7. Bd3 dxc4 8. Bxc4 b5 9. Ba2 Bb7 10. O-O cxd4 11. exd4 Be7 12. Re1 O-O 13. Bg5 Rc8 14. Rc1 Na5 15. Ne5 Nc4 16. Bxc4 bxc4 17. Qd2 Nd5 18. Bxe7 Nxe7 19. Rcd1 Nf5 20. Qf4 Qb6 21. Rd2 Rfd8 22. Red1 f6 23. Ng4 Ne7 24. Qg3 Kh8 25. Qh4 Qc6 26. Qh3 Nd5 27. Nxd5 Rxd5 28. Ne3 Rg5 29. d5 exd5 30. Nxd5 Rd8 31. Ne3 Rxd2 32. Rxd2 h6 33. Rd1 Qb6 34. Nxc4 Qb5 35. Rd8+ Kh7 36. Qd3+ f5 37. Ne3 Qxb2 38. Qd2 Qa1+ 39. Qd1 Qxa3 40. h3 Qb4 41. Rd4 Qb6 42. Qd2 Qc6 43. f4 Rg3 44. Nd5 Qc5 45. Kh2 Rc3 46. Nxc3 Qc6 47. Nd1 a5 48. Ne3 a4 49. Nxf5 a3 50. Nd6 a2 51. Qxa2 Qc5 52. Qd2 Qh5 53. Qd3+ Kg8 54. Qg3 Bc6 55. Ne4 1-0


[Site "https://www.chess.com"]

[Event "Titled Tuesday Blitz August 3 2021"]
[White "Kobalia, Mikhail"]
[Black "Sanal, Vahap"]
[WhiteFideId "4119150"]
[BlackFideId "6300545"]
[WhiteElo "2569"]
[BlackElo "2495"]
[Result "0-1"]
[Round "05"]
[TimeControl "180+1"]
[Date "2021.08.03"]
[WhiteClock "0:00:04"]
[BlackClock "0:00:15"]

1. e4 c5 2. Nf3 Nc6 3. Bb5 g6 4. Bxc6 dxc6 5. d3 Bg7 6. Nbd2 Nf6 7. a4 O-O 8. a5 Nh5 9. O-O Rb8 10. Nc4 b5 11. axb6 axb6 12. Ra7 b5 13. Ncd2 Qb6 14. Rxe7 Bf6 15. Re5 Ng7 16. Nb3 c4 17. dxc4 bxc4 18. Nbd2 Ba6 19. c3 Qc7 20. Rc5 Ne6 21. Rxc4 Rfd8 22. Qc2 Nf4 23. e5 Ne2+ 24. Kh1 Nxc1 25. exf6 Bxc4 26. Nxc4 Nd3 27. Nd4 Nf4 28. Qc1 c5 29. Nf3 Nd5 30. Qh6 Nxf6 31. Ng5 Qf4 32. Ne3 Rxb2 33. Nxf7 Qxh6 34. Nxh6+ Kg7 35. Nhg4 Nxg4 36. Nxg4 Rc2 37. h3 Rxc3 38. Rb1 Rd7 39. Ne5 Rc7 40. Kh2 c4 41. Rb2 Rc1 42. Ng4 c3 43. Ra2 c2 44. Ne3 Rh1+ 45. Kxh1 c1=Q+ 46. Kh2 Qc5 47. Rd2 Qe5+ 48. g3 Qf6 49. h4 Rf7 50. Kg2 Qc6+ 51. Kh2 Qf3 52. Kg1 Ra7 53. Rd1 Ra2 54. Rf1 Re2 55. Ng2 Rd2 56. Nf4 Rd1 57. Nh3 Rxf1+ 58. Kxf1 Qh1+ 59. Ng1 h6 0-1


[Site "https://www.chess.com"]

[Event "Titled Tuesday Blitz August 3 2021"]
[White "Korchmar, Vasiliy"]
[Black "Volkov, Maksim"]
[WhiteFideId "24131750"]
[BlackFideId "54123070"]
[WhiteElo "2370"]
[BlackElo "2113"]
[Result "1-0"]
[Round "05"]
[TimeControl "180+1"]
[Date "2021.08.03"]
[WhiteClock "0:00:09"]
[BlackClock "0:00:03"]

1. e4 c5 2. Nf3 e6 3. d4 cxd4 4. Nxd4 Nc6 5. g4 h6 6. h4 Be7 7. Nc3 a6 8. Be3 Bxh4 9. Qd2 Bf6 10. O-O-O Nge7 11. f4 Ng6 12. e5 Be7 13. Kb1 Qc7 14. Bd3 Nxf4 15. Nxc6 Nxd3 16. Nxe7 Nxe5 17. Nxc8 Rxc8 18. Bf4 Nc4 19. Qf2 Qa5 20. Ne4 e5 21. Bc1 d5 22. Qf5 Rc6 23. Ng5 Rc7 24. b3 Qb5 25. Ka1 Nd6 26. Qxe5+ Kd7 27. Rxd5 Qc6 28. Nxf7 Qc3+ 29. Qxc3 Rxc3 30. Nxh8 Ke6 31. Rhd1 Ne4 32. Ng6 Rxc2 33. Re5+ Kf6 34. Rxe4 Kxg6 35. Bb2 Rc7 36. Re5 Rd7 37. Rxd7 1-0


[Site "https://www.chess.com"]

[Event "Titled Tuesday Blitz August 3 2021"]
[White "Kovalev, Egor"]
[Black "Ivanchuk, Vasyl"]
[WhiteFideId "24124117"]
[BlackFideId "14100010"]
[WhiteElo "2253"]
[BlackElo "2710"]
[Result "1-0"]
[Round "05"]
[TimeControl "180+1"]
[Date "2021.08.03"]
[WhiteClock "0:00:05"]
[BlackClock "0:00:04"]

1. e4 c5 2. Nf3 d6 3. d4 cxd4 4. Nxd4 Nf6 5. Nc3 Nc6 6. f3 e5 7. Nb3 Be7 8. Be3 O-O 9. Qd2 a5 10. Bb5 Be6 11. O-O-O Na7 12. Be2 Nc8 13. a4 Nb6 14. Kb1 Nc4 15. Bxc4 Bxc4 16. g4 Qd7 17. h4 Rfc8 18. h5 b5 19. g5 Ne8 20. axb5 Bxb5 21. g6 Bc4 22. Nc5 Qc6 23. N5a4 Rab8 24. h6 fxg6 25. hxg7 Nxg7 26. Bg5 Bf8 27. Qh2 Nh5 28. Rdg1 Rb7 29. Bc1 Nf6 30. Qh4 Bg7 31. Bg5 Nh5 32. Bh6 Rf8 33. Bxg7 Rxg7 34. Qf2 Be6 35. Nb6 Nf4 36. Rd1 Rb8 37. Nbd5 Bxd5 38. Nxd5 Nxd5 39. Rxd5 Qc3 40. b3 a4 41. Rd3 Qc6 42. Rhd1 axb3 43. Rxb3 Rgb7 44. Rd3 Qc4 45. Qe3 Kf7 46. Kb2 Ke6 47. Qd2 Rxb3+ 48. cxb3 Qb4 49. Rc3 1-0


[Site "https://www.chess.com"]

[Event "Titled Tuesday Blitz August 3 2021"]
[White "Krishnakumar, Sriram"]
[Black "Nitin, S."]
[WhiteFideId "30915856"]
[BlackFideId "5018277"]
[WhiteElo "2300"]
[BlackElo "2431"]
[Result "1-0"]
[Round "05"]
[TimeControl "180+1"]
[Date "2021.08.03"]
[WhiteClock "0:01:06"]
[BlackClock "0:01:10"]

1. e4 c5 2. Nf3 e6 3. g3 d5 4. exd5 exd5 5. Bg2 Nf6 6. d4 Be7 7. O-O O-O 8. Re1 cxd4 9. Nxd4 Nc6 10. h3 h6 11. Be3 Ne4 12. Nd2 Bf6 13. Nxe4 dxe4 14. Nxc6 bxc6 15. Bxe4 Bxh3 16. Qxd8 Rfxd8 17. Bxc6 Rac8 18. Be4 Bxb2 19. Rab1 Bc3 20. Red1 a5 21. Rd3 Be6 22. a4 Bb4 23. Rxd8+ Rxd8 24. Bd3 Bd7 25. Bb6 Rc8 26. Ra1 Bc3 27. Ra3 Be6 28. Ba6 Rc6 29. Bb5 Rc8 30. Ba6 Rb8 31. Rxc3 Rxb6 32. Bb5 Rd6 33. Rc5 Rd4 34. Bc6 Rd2 35. Rxa5 Rxc2 36. Ra8+ 1-0


[Site "https://www.chess.com"]

[Event "Titled Tuesday Blitz August 3 2021"]
[White "Krysa, Leandro"]
[Black "Drogovoz, Irina"]
[WhiteFideId "116807"]
[BlackFideId "4176715"]
[WhiteElo "2490"]
[BlackElo "2163"]
[Result "0-1"]
[Round "05"]
[TimeControl "180+1"]
[Date "2021.08.03"]
[WhiteClock "0:00:04"]
[BlackClock "0:00:03"]

1. e4 c5 2. Nf3 d6 3. d4 cxd4 4. Nxd4 Nf6 5. Bc4 a6 6. O-O e6 7. Re1 Be7 8. Bf1 O-O 9. c4 b6 10. Nc3 Bb7 11. b3 Nbd7 12. Bb2 Rc8 13. Qd2 Rc7 14. Rad1 Qa8 15. f3 Rd8 16. Kh1 Nc5 17. Qf2 Bf8 18. Qg3 Rcd7 19. Rd2 a5 20. Ndb5 d5 21. cxd5 exd5 22. e5 Ne8 23. Red1 Ne6 24. Ne2 N8c7 25. Ned4 Nxb5 26. Bxb5 Rc7 27. Nf5 Bc6 28. Bd3 g6 29. Nd6 Rcd7 30. Bf5 Bg7 31. Nxf7 Kxf7 32. Bxe6+ Kxe6 33. Qh3+ Ke7 34. e6 Bxb2 35. Rxb2 Rc7 36. Qxh7+ Kd6 37. Qxg6 Re7 38. Qg3+ Kc5 39. Rc2+ Kb5 40. Rdc1 Bb7 41. Qe5 Ka6 42. f4 Rh8 43. f5 Qg8 44. Qe2+ Ka7 45. Rc7 Qh7 46. h3 Rxc7 47. Rf1 Qe7 48. f6 Qd6 49. e7 d4 50. e8=Q Rxh3+ 51. Kg1 Qh2+ 52. Kf2 Qxg2+ 53. Ke1 Re3 54. Q8xe3 dxe3 55. Qxg2 Bxg2 56. f7 Rc1+ 57. Ke2 Rxf1 58. f8=Q Rxf8 0-1


[Site "https://www.chess.com"]

[Event "Titled Tuesday Blitz August 3 2021"]
[White "Lazavik, Denis"]
[Black "Mirzoev, Azer"]
[WhiteFideId "13515110"]
[BlackFideId "13400304"]
[WhiteElo "2436"]
[BlackElo "2525"]
[Result "0-1"]
[Round "05"]
[TimeControl "180+1"]
[Date "2021.08.03"]
[WhiteClock "0:00:02"]
[BlackClock "0:01:02"]

1. d4 d5 2. c4 c6 3. Nf3 Nf6 4. e3 Bf5 5. Nc3 e6 6. Nh4 Be4 7. f3 Bg6 8. Qb3 Qc7 9. Bd2 Nbd7 10. cxd5 exd5 11. O-O-O Be7 12. Nxg6 hxg6 13. Kb1 O-O-O 14. e4 dxe4 15. fxe4 Nb6 16. e5 Nfd5 17. Bd3 Kb8 18. Ne4 f6 19. e6 Rxh2 20. Rxh2 Qxh2 21. a4 Qc7 22. a5 Nc8 23. a6 Qb6 24. Qa4 Nb4 25. axb7 Qxb7 26. Bxb4 Bxb4 27. Ba6 Qb6 28. Rc1 Ne7 29. Rc4 Be1 30. Nc5 Kc7 31. Nd7 Qa5 32. Qxa5+ Bxa5 33. b4 Bb6 34. b5 Kd6 35. bxc6 Nxc6 36. Bb5 Nxd4 37. Nxb6 Nxb5 38. e7 Kxe7 39. Nc8+ Ke6 40. Rc5 Nd6 41. Nxa7 Rb8+ 42. Kc2 Kd7 43. Nc6 Rc8 0-1


[Site "https://www.chess.com"]